 Dungeon Crawl Stone Soup version 0.19-a0-36-g4a0968a (webtiles) character file.

82 manon the Insei (level 4, 0/24 HPs)
             Began as a Vine Stalker Monk on May 3, 2016.
             Was a Follower of Ru.
             Slain by Ijyb
             ... wielding a +7 club
              (2 damage)
             ... on level 3 of the Dungeon.
             The game lasted 00:10:14 (1255 turns).

manon the Insei (Vine Stalker Monk)                 Turns: 1255, Time: 00:10:15

Health: 0/24       AC:  2    Str: 13    XL:     4   Next: 43%
Magic:  0/5        EV: 13    Int: 11    God:    Ru [*.....]
Gold:   131        SH:  0    Dex: 17    Spells: 0 memorised, 3 levels left

rFire  . . .     SeeInvis .       - Unarmed
rCold  . . .     Gourm    .     a - +0 robe
rNeg   . . .     Faith    .     (no shield)
rPois  .         Spirit   +     (no helmet)
rElec  .         Dismiss  .     (no cloak)
rCorr  .         Reflect  .     (no gloves)
SustAt .         Harm     .     (no boots)
MR     .....                    (no amulet)
Stlth  ++........               (no ring)
                                (no ring)

@: not resistant to hostile enchantments, unstealthy
A: fangs 2, regeneration 1, magic shield, antimagic bite, no device heal 3, rot
immunity, inability to train armour
a: Renounce Religion


You were on level 3 of the Dungeon.
You worshipped Ru.
Ru was aware of your devotion.
You were not hungry.

You visited 1 branch of the dungeon, and saw 3 of its levels.

You collected 131 gold pieces.

Inventory:

Armour
 a - a +0 robe (worn)
 m - a +0 fire dragon armour
Jewellery
 p - an uncursed amulet of dismissal
Scrolls
 d - a scroll of remove curse
 e - a scroll of identify {unknown}
 j - a scroll of teleportation {unknown}
Potions
 f - 2 potions of curing {unknown}
 g - a potion of degeneration {unknown}
 h - 2 potions of heal wounds {unknown}
 i - a potion of haste {unknown}
 k - a potion of might {unknown}
 l - 2 potions of flight {unknown}
 o - a potion of cancellation {unknown}
Comestibles
 b - 4 bread rations
 c - a slice of pizza
 n - a chunk of flesh


   Skills:
 + Level 3.4 Fighting
 - Level 2.4 Dodging
 - Level 2.4 Stealth
 * Level 5.2 Unarmed Combat


You had 3 spell levels left.
You didn't know any spells.

Dungeon Overview and Level Annotations

Branches:
Dungeon (3/15)

Altars:
Ashenzari
Nemelex Xobeh
Ru
Vehumet
Xom
The Shining One

Annotations:
D:2 exclusion: 2 gnolls
D:3 Ijyb


Innate Abilities, Weirdness & Mutations

You have extremely sharp teeth.
Your natural rate of healing is unusually fast.
When hurt, damage is shared between your health and your magic reserves.
Your bite disrupts and absorbs the magic of your enemies.
Potions and wands cannot restore your health.
You are immune to rotting.
You cannot train Armour skill.


Message History

You hit Ijyb. You bite Ijyb. You drain his power.
You feel invigorated.
Ijyb is severely wounded.
Ijyb hits you with an enchanted club.
You completely miss Ijyb. You bite Ijyb, but do no damage.
Ijyb is severely wounded.
You hit Ijyb.
Ijyb is almost dead.
Ijyb closely misses you.
You barely miss Ijyb. You bite Ijyb, but do no damage.
Ijyb is almost dead.
Ijyb hits you with an enchanted club!
* * * LOW HITPOINT WARNING * * *
You hit Ijyb but do no damage. You bite Ijyb, but do no damage.
Ijyb is almost dead.
Ijyb hits you with an enchanted club.
* * * LOW HITPOINT WARNING * * *
You barely miss Ijyb.
Ijyb is almost dead.
Ijyb hits you with an enchanted club.
You die...

#.# #.# #.## #... ##
######†## # ..#
.......... ##. #.#
........##
###...#####.#
######..##
..!..Sg@.##.#
#.......
###...##.##.#
#†##..## ##..##.##.#
#.##..#
#........#####.##..#
#..............##..#
#########..........#
######.##.## #.##.#
#.#


You could see Ijyb and an adder.

Vanquished Creatures
  2 adders (D:2)
  2 worms (D:2)
  A dart slug (D:2)
  2 giant geckos
  A ball python (D:1)
  2 giant cockroaches (D:1)
  3 goblins
  4 hobgoblins
  7 jackals
  7 bats
  2 giant newts (D:1)
  5 kobolds
  13 rats
51 creatures vanquished.

Notes
Turn   | Place    | Note
--------------------------------------------------------------
     0 | D:1      | manon the Vine Stalker Monk began the quest for the Orb.
     0 | D:1      | Reached XP level 1. HP: 11/11 MP: 2/2
    95 | D:1      | Reached XP level 2. HP: 16/16 MP: 3/3
   369 | D:1      | Reached XP level 3. HP: 20/20 MP: 4/4
   783 | D:2      | Reached skill level 5 in Unarmed Combat
   900 | D:2      | Reached XP level 4. HP: 19/24 MP: 5/5
   922 | D:2      | Found a shattered altar of Ashenzari.
   922 | D:2      | Found a sacrificial altar of Ru.
   923 | D:2      | Found a sparkling altar of Nemelex Xobeh.
   924 | D:2      | Found a shimmering altar of Xom.
   924 | D:2      | Found a glowing golden altar of the Shining One.
   951 | D:2      | Found a radiant altar of Vehumet.
   959 | D:2      | Became a worshipper of Ru the Awakened
   964 | D:2      | Gained mutation: You cannot train Armour skill. [Ru sacrifice]
   964 | D:2      | Reached * piety under Ru
  1242 | D:3      | Noticed Ijyb
  1255 | D:3      | Slain by Ijyb

Vault maps used:
D:1:      minmay_arrival_loop
D:2:      grunt_temple_overflow_open
D:3:      first_bread, serial_glass, glass_columns_b, glass_columns_a,
          uniq_iyjb, uniq_natasha, uniq_robin

Skill      XL: |  1  2  3 |
---------------+----------+-----
Fighting       | 3 |  3.4
Unarmed Combat | 5 |  5.2
Dodging        | |  2.4
Stealth        | |  2.4

Action                   |  1- 3 |  4- 6 || total
-------------------------+-------+-------++-------
Melee: Unarmed           |   119 |    52 ||   171
       Bite              |    29 |    18 ||    47
       Punch             |     1 |       ||     1
Invok: Sacrifice Durabil |       |     1 ||     1
  Use: Scroll            |       |     1 ||     1
 Stab: Sleeping          |    11 |     3 ||    14
  Eat: Chunk             |       |     1 ||     1
Armor: Robe              |    24 |     7 ||    31
Dodge: Dodged            |    75 |    33 ||   108
